 Dungeon Crawl Stone Soup version 0.28-a0-533-g9f97627e2a (webtiles) character file.

Game seed: 6018265179428159803

15 varam the Stinger (level 2, 13/13 HPs)
             Began as a Spriggan Venom Mage on Sept 25, 2021.
             Was a Follower of Yredelemnul.
             Quit the game on level 1 of the Dungeon.
             The game lasted 00:02:57 (691 turns).

varam the Stinger (Spriggan Venom Mage)              Turns: 691, Time: 00:02:58

Health: 13/13      AC:  2    Str:  4    XL:     2   Next: 34%
Magic:  1/7        EV: 17    Int: 16    God:    Yredelemnul [*.....]
Gold:   72         SH:  0    Dex: 15    Spells: 4/7 levels left

rFire   . . .      SeeInvis +   e - +0 dagger
rCold   . . .      Faith    .   (shield restricted)
rNeg    . . .      Spirit   .   a - +0 robe
rPois   .          Reflect  .   (helmet restricted)
rElec   .          Harm     .   (no cloak)
rCorr   .          Rampage  .   (gloves unavailable)
Will    .....                   (boots unavailable)
Stlth   ++........              (no amulet)
HPRegen 0.04/turn               (no ring)
MPRegen 0.10/turn               (no ring)

@: very slightly contaminated, very quick
A: very small, no large weapons, unfitting armour, see invisible, speed 3
a: Renounce Religion, Animate Remains


You were on level 1 of the Dungeon.
You worshipped Yredelemnul.
Yredelemnul was aware of your devotion.
You visited 1 branch of the dungeon, and saw 1 of its levels.

You collected 72 gold pieces.

Inventory:

Hand Weapons
 c - a +0 hunting sling
   (You found it on level 1 of the Dungeon)
 e - a +0 dagger (weapon)
   (You found it on level 1 of the Dungeon)
Armour
 a - a +0 robe (worn)
Scrolls
 d - a scroll of identify {unknown}
Potions
 b - a potion of resistance {unknown}


   Skills:
 - Level 2.6 Dodging
 - Level 3.0 Stealth
 + Level 3.0 Spellcasting
 + Level 2.0 Transmutations
 * Level 3.4 Poison Magic


You had 4 spell levels left.
You knew the following spells:

 Your Spells              Type           Power      Damage    Failure   Level
a - Sting                 Tmut/Pois      44%        1d5       6%          1
b - Poisonous Vapours     Pois/Air       14%        N/A       14%         2

Your spell library contained the following spells:

 Spells                   Type           Power      Damage    Failure   Level
 Mephitic Cloud           Conj/Pois/Air  6%         N/A       34%         3
 Olgreb's Toxic Radiance  Pois           13%        N/A       41%         4


Dungeon Overview and Level Annotations

Branches:
Dungeon (1/15)

Altars:
Yredelemnul
The Shining One


Innate Abilities, Weirdness & Mutations

You are very small and have problems with some larger weapons.
You are too small for most types of armour.
You have supernaturally acute eyesight. (SInv)
You cover ground extremely quickly. (Speed+++)


Message History

Aim: a frilled lizard (53% to hit)
The sting hits the frilled lizard.
The frilled lizard is poisoned.
You kill the frilled lizard!
Yredelemnul accepts your kill.
Your Spellcasting skill increases to level 3!
The dart slug launches a dart at you. The slug dart misses you.
Things that are here:
a +0 club; a frilled lizard corpse; a goblin corpse
Casting: Sting (safe; 6% risk of failure)
Confirm with . or Enter, or press ? or * to list all spells.
Aiming: Sting (safe; 6% risk of failure)
Press: ? - help, Shift-Dir - straight line, f - dart slug
Aim: a dart slug (100% to hit)
The sting hits the dart slug.
The dart slug is poisoned.
The dart slug is lightly wounded.
Casting: Sting (safe; 6% risk of failure)
Confirm with . or Enter, or press ? or * to list all spells.
Aiming: Sting (safe; 6% risk of failure)
Press: ? - help, Shift-Dir - straight line, f/p - dart slug
Aim: a dart slug (moderately wounded, poisoned, 100% to hit)
You miscast Sting.
You are very lightly contaminated with residual magic.
Nothing appears to happen.
The dart slug launches a dart at you. The slug dart misses you.
You hit the dart slug but do no damage.
The dart slug is heavily wounded.
The dart slug closely misses you.
You hit the dart slug but do no damage.
The dart slug is severely wounded.
You hit the dart slug.
You kill the dart slug!
Yredelemnul accepts your kill.
Your Transmutations skill increases to level 2!
Casting: Sting (safe; 6% risk of failure)
Confirm with . or Enter, or press ? or * to list all spells.
Okay, then.
Unknown command.
Are you sure you want to abandon this character and quit the game? (Confirm with "yes".)

######.#.#
#.##.......
#.#.#
#.####.....
#.#.# #.#
#.....
#.#.#
#.####.....
##.#.#
#..........
#....#
######.....
#.)###
#..... #..#
###.## #.@#
#.# #..#
#.# #...#
#.# #>...
#.# #...#
###.. #.#
#..


There were no monsters in sight!

Vanquished Creatures
  A dart slug (D:1)
  2 ball pythons (D:1)
  A giant cockroach (D:1)
  A goblin (D:1)
  4 bats (D:1)
  2 frilled lizards (D:1)
  A kobold (D:1)
  3 rats (D:1)
15 creatures vanquished.

Notes
Turn   | Place    | Note
-------+----------+-------------------------------------------
     0 | D:1      | varam the Spriggan Venom Mage began the quest for the Orb.
     0 | D:1      | Reached XP level 1. HP: 9/9 MP: 5/5
    21 | D:1      | Found a glowing golden altar of the Shining One.
   432 | D:1      | Reached XP level 2. HP: 13/13 MP: 6/6
   436 | D:1      | Learned a level 2 spell: Poisonous Vapours
   491 | D:1      | Found a faded altar of an unknown god.
   503 | D:1      | Became a worshipper of Yredelemnul the Dark
   503 | D:1      | Reached * piety under Yredelemnul
   691 | D:1      | Quit the game

Illustrated notes

Levels and vault maps discovered:
D:1:      dpeg_arrival_tiny_i, layout_loops_ring, basic_ecumenical_altar,
          minivault_4, minmay_hexomino_r4

Skill      XL: |  1  2 |
---------------+-------+-----
Spellcasting   | 3 |  3.0
Transmutations | 2 |  2.0
Dodging        | |  2.6
Stealth        | |  3.0
Poison Magic   | |  3.4

Action                   || total
-------------------------++-------
Melee: Unarmed           ||     5
       Dagger            ||     6
 Cast: Sting             ||    19
 Stab: Sleeping          ||     2
Armor: Robe              ||     3
Dodge: Dodged            ||    16

Table legend: (Time is in decaauts)
 A = Elapsed time spent in this place.
 B = Non-inter-level travel time spent in this place.
 C = Inter-level travel time spent in this place.
 D = Time resting spent in this place.
 E = Time spent auto-exploring this place.
 F = Levels seen in this place.
 G = Mean time per level.
                   A        B        C        D        E       F      G
               +--------+--------+--------+--------+--------+-----+--------+
         Total |    512 |    512 |      0 |     37 |    369 |   1 |  512.0 |
       Dungeon |    512 |    512 |      0 |     37 |    369 |   1 |  512.0 |
               +--------+--------+--------+--------+--------+-----+--------+

Top non-repeatable levels by time:
     D:1: 512 daAuts
